 Dungeon Crawl Stone Soup version 0.22.1-2-g9c5b331 (webtiles) character file.

45 Heatsaber the Vexing (level 3, -10/16 HPs)
             Began as a Vine Stalker Enchanter on Dec 31, 2018.
             Mangled by an ogre
             ... wielding a cursed -2 giant spiked club
              (19 damage)
             ... on level 2 of the Dungeon.
             The game lasted 00:09:46 (1503 turns).

Heatsaber the Vexing (Vine Stalker Enchanter)       Turns: 1503, Time: 00:09:48

Health: -10/16     AC:  6    Str: 15    XL:     3   Next: 64%
Magic:  0/8        EV: 11    Int: 16    God:
Gold:   65         SH:  0    Dex: 14    Spells: 2/8 levels left

rFire    . . .     SeeInvis .   a - +1 dagger
rCold    . . .     Gourm    .   (no shield)
rNeg     . . .     Faith    .   p - +0 ring mail
rPois    .         Spirit   +   (no helmet)
rElec    .         Reflect  .   (no cloak)
rCorr    .         Harm     .   (no gloves)
MR       .....                  e - +0 pair of boots
Stlth    +.........             (no amulet)
HPRegen  0.05/turn              n - ring of wizardry
MPRegen  0.11/turn              (no ring)

@: confused, mighty, very slightly contaminated, invisible
A: fangs 2, magic shield, antimagic bite, no potion heal 3, rot immunity
a: no special abilities


You were on level 2 of the Dungeon.
You were not hungry.

You visited 1 branch of the dungeon, and saw 2 of its levels.

You collected 65 gold pieces.

Inventory:

Hand Weapons
 a - a +1 dagger (weapon)
Armour
 b - a +0 robe
 e - a +0 pair of boots (worn)
 o - a +0 leather armour
 p - a +0 ring mail (worn)
Jewellery
 n - a ring of wizardry (left hand)
Scrolls
 c - a scroll of enchant weapon {unknown}
 f - 3 scrolls of identify {unknown}
 m - 2 scrolls of teleportation {unknown}
 q - a scroll of remove curse {unknown}
Potions
 h - a potion of might
 k - a potion of lignification {unknown}
 l - a potion of brilliance {unknown}
Comestibles
 d - 3 rations


   Skills:
 - Level 0.8 Short Blades
 - Level 1.5 Dodging
 + Level 3.8 Stealth
 - Level 3.1 Spellcasting
 + Level 3.8 Hexes


You had 2 spell levels left.
You knew the following spells:

 Your Spells              Type           Power        Failure   Level  Hunger
a - Corona                Hex            ##.....      3%          1    None
b - Ensorcelled Hibernat  Hex/Ice        #.....       11%         2    ##.....
c - Confuse               Hex            ##......     9%          3    ###....

Your spell library contained the following spells:

 Spells                   Type           Power        Failure   Level  Hunger
 Tukima's Dance           Hex            ##......     9%          3    ###....
 Dazzling Spray           Conj/Hex       #.....       21%         3    ###....


Dungeon Overview and Level Annotations

Branches:
Dungeon (2/15)

Altars:

Annotations:
D:2 Sigmund


Innate Abilities, Weirdness & Mutations

You have extremely sharp teeth.
When hurt, damage is shared between your health and your magic reserves.
Your bite disrupts and absorbs the magic of your enemies.
Potions cannot restore your health.
You are immune to rotting.


Message History

Sigmund casts a spell.
Sigmund flickers and vanishes!
Deactivating autopickup; reactivate with Ctrl-A.
It was a potion of heal wounds.
That seemed strangely inert.
Something barely misses you.
It was a potion of invisibility.
You fade into invisibility!
The ogre closely misses you.
You are very lightly contaminated with residual magic.
You bump into the rock wall.
You hear some strange, mumbled words.
A puff of flame appears from out of thin air!
The puff of flame misses you.
The puff of flame hits the ogre.
The ogre closely misses you.
It was a potion of ambrosia.
You are more confused.
Your system rejects the healing.
You feel invigorated. Something hits you.
The ogre hits you with a giant spiked club!!
Ouch! That really hurt!
You die...

.###.#
#...............
#....# .###.#
#.#.............
..## # ..##.#
#.######..#####.
#.##.# #># #..#
#.##.# #.# #..#
# .....# ###.#
#..# #. #(####
#...# #..# #..#
#.# #.###
##..####. ###.#.
#.# #.#
####@O.....<#
....... ### ###
#.{.†..####..
..#####
#.###...... ....
# ##.#### ####
.# .. ..# .#


You could see an ogre.

Vanquished Creatures
  A gnoll (D:1)
  A dart slug (D:1)
  2 leopard geckos (D:1)
  A giant cockroach (D:1)
  3 goblins
  3 hobgoblins
  4 jackals (D:1)
  4 kobolds
  3 bats
  3 frilled lizards (D:1)
  7 rats
32 creatures vanquished.

Notes
Turn   | Place    | Note
-------+----------+-------------------------------------------
     0 | D:1      | Heatsaber the Vine Stalker Enchanter began the quest for
                  | the Orb.
     0 | D:1      | Reached XP level 1. HP: 9/9 MP: 4/4
    99 | D:1      | Reached XP level 2. HP: 11/13 MP: 3/6
   110 | D:1      | Learned a level 2 spell: Ensorcelled Hibernation
   623 | D:1      | Reached XP level 3. HP: 13/16 MP: 1/8
   668 | D:1      | Learned a level 3 spell: Confuse
  1483 | D:2      | Noticed an ogre
  1492 | D:2      | Noticed Sigmund
  1503 | D:2      | Mangled by an ogre

Skill      XL: |  1  2  3 |
---------------+----------+-----
Spellcasting   | 3 |  3.1
Short Blades   | |  0.8
Dodging        | |  1.5
Stealth        | |  3.8
Hexes          | |  3.8

Action                   || total
-------------------------++-------
Melee: Dagger            ||    84
       Bite              ||    15
 Cast: Corona            ||     9
       Ensorcelled Hiber ||    11
       Confuse           ||     2
  Use: Potion            ||     4
 Stab: Sleeping          ||    16
  Eat: Chunk             ||     3
Armor: Robe              ||    15
Dodge: Dodged            ||    52
